[Event "Titled Tuesday Blitz January 31 Early 2023"]
[White "Ongut, Tamas Gunes"]
[Black "Fajdetic, Hrvoje"]
[WhiteFideId "770280"]
[BlackFideId "14501945"]
[WhiteElo "2299"]
[BlackElo "2151"]
[Result "1-0"]
[Round "09"]
[TimeControl "180+2"]
[Date "2023.01.31"]
[WhiteClock "0:01:20"]
[BlackClock "0:00:03"]

1. Nf3 f5 2. g3 Nf6 3. Bg2 d6 4. O-O e5 5. d3 Be7 6. Nc3 O-O 7. e4 Qe8 8. exf5 Bxf5 9. d4 exd4 10. Nxd4 Bc8 11. Re1 Qf7 12. Bg5 c6 13. Qe2 Bd8 14. Ne6 Bxe6 15. Qxe6 Qxe6 16. Rxe6 d5 17. Bxf6 Bxf6 18. Nxd5 cxd5 19. Bxd5 Kh8 20. Bxb7 Nd7 21. Bxa8 Rxa8 22. c3 Nc5 23. Re2 Na4 24. Rae1 Kg8 25. Re8+ Rxe8 26. Rxe8+ Kf7 27. Rb8 a5 28. Rb5 Ke6 29. Kg2 Kd6 30. Kf3 Kc6 31. Rxa5 Nxb2 32. Ra8 Kb7 33. Rf8 Bxc3 34. Ke4 Nd1 35. Rf3 Bf6 36. Kd3 Nb2+ 37. Ke4 Nc4 38. Kd5 Nb6+ 39. Ke6 Kc6 40. Rxf6 gxf6 41. Kxf6 Kd5 42. Kg7 h5 43. Kg6 h4 44. gxh4 Nd7 45. h5 Ke5 46. h6 Nf8+ 47. Kg7 Ne6+ 48. Kg8 Ng5 49. h7 Nxh7 50. Kxh7 1-0


[Site "https://www.chess.com"]

[Event "Titled Tuesday Blitz January 31 Early 2023"]
[White "Lesbekova, Assel"]
[Black "Llanos, Guillermo"]
[WhiteFideId "13713248"]
[BlackFideId "100358"]
[WhiteElo "1772"]
[BlackElo "2290"]
[Result "1-0"]
[Round "09"]
[TimeControl "180+2"]
[Date "2023.01.31"]
[WhiteClock "0:00:16"]
[BlackClock "0:00:05"]

1. e4 Nf6 2. e5 Nd5 3. d4 d6 4. c4 Nb6 5. exd6 cxd6 6. Nc3 g6 7. d5 Bg7 8. Be3 O-O 9. Bd4 e5 10. dxe6 Bxe6 11. Bxg7 Kxg7 12. Qd4+ Kg8 13. O-O-O Nc6 14. Qxd6 Qxd6 15. Rxd6 Bxc4 16. Nf3 Rad8 17. Rxd8 Rxd8 18. Bxc4 Nxc4 19. Rd1 Rxd1+ 20. Nxd1 Nb4 21. b3 Nd6 22. a3 Nd3+ 23. Kd2 Nc5 24. Kc2 Nde4 25. b4 Ne6 26. Nd2 Nd6 27. g3 f5 28. f4 Kf7 29. Nf3 Ke7 30. Nc3 Ne4 31. Kd3 Nxc3 32. Kxc3 Kd6 33. Kc4 a6 34. a4 Nc7 35. b5 axb5+ 36. axb5 b6 37. Ng5 h5 38. Nf7+ Ke6 39. Ne5 g5 40. Nd3 g4 41. Nb4 Kd6 42. Nc2 Nd5 43. Kd4 Nc7 44. Kc4 Ke6 45. Nd4+ Kf6 46. Nc6 h4 47. gxh4 Ne6 48. Ne5 Nxf4 49. Nd7+ Ke6 50. Nxb6 Nh5 51. Nd5 f4 52. b6 f3 53. b7 f2 54. Ne3 1-0


[Site "https://www.chess.com"]

[Event "Titled Tuesday Blitz January 31 Early 2023"]
[White "Torres Dominguez, David"]
[Black "Ronka, Erik"]
[WhiteFideId "2220857"]
[BlackFideId "505080"]
[WhiteElo "1994"]
[BlackElo "2276"]
[Result "0-1"]
[Round "09"]
[TimeControl "180+2"]
[Date "2023.01.31"]
[WhiteClock "0:00:53"]
[BlackClock "0:00:27"]

1. e4 c5 2. Nc3 g6 3. f4 Bg7 4. Nf3 Nc6 5. a4 e6 6. d4 cxd4 7. Nb5 d6 8. c3 Nge7 9. Nbxd4 O-O 10. Bd3 e5 11. fxe5 dxe5 12. Nxc6 Nxc6 13. O-O h6 14. Qe2 Be6 15. Bc4 Qe7 16. Kh1 Rad8 17. Be3 b6 18. Rad1 Na5 19. Bxe6 Qxe6 20. Bc1 Qb3 21. Qb5 Qe6 22. Qe2 Qb3 23. Qb5 Rxd1 24. Qe2 Rxf1+ 25. Qxf1 Rd8 26. Nd2 Qc2 27. Qe2 Qxc1+ 0-1


[Site "https://www.chess.com"]

[Event "Titled Tuesday Blitz January 31 Early 2023"]
[White "Girya, Olga"]
[Black "Ashraf, Artin"]
[WhiteFideId "4195752"]
[BlackFideId "22514805"]
[WhiteElo "2402"]
[BlackElo "2314"]
[Result "1-0"]
[Round "09"]
[TimeControl "180+2"]
[Date "2023.01.31"]
[WhiteClock "0:00:59"]
[BlackClock "0:01:05"]

1. d4 Nf6 2. Nf3 g6 3. Bg5 Bg7 4. Nbd2 O-O 5. c3 d6 6. e4 Nbd7 7. Bc4 e5 8. dxe5 dxe5 9. O-O h6 10. Bh4 c6 11. a4 a5 12. Qc2 Qc7 13. Rfe1 Nh5 14. Bf1 Nc5 15. Nc4 Bg4 16. Nfd2 Be6 17. b4 axb4 18. cxb4 Nd7 19. Be7 Rfe8 20. Bd6 Qd8 21. a5 Rc8 22. Rad1 Bg4 23. f3 Be6 24. Nb3 Qf6 25. Nc5 Nxc5 26. bxc5 Ra8 27. Bxe5 Qg5 28. Bxg7 Kxg7 29. Nd6 Red8 30. Nxb7 Rxd1 31. Rxd1 Qe5 32. a6 Nf6 33. Qd2 Qc7 34. Qd6 Qa5 35. Nxa5 1-0


[Site "https://www.chess.com"]

[Event "Titled Tuesday Blitz January 31 Early 2023"]
[White "Matt, Fabian"]
[Black "Oro, Faustino"]
[WhiteFideId "1623303"]
[BlackFideId "20000197"]
[WhiteElo "2308"]
[BlackElo "2269"]
[Result "0-1"]
[Round "09"]
[TimeControl "180+2"]
[Date "2023.01.31"]
[WhiteClock "0:00:09"]
[BlackClock "0:00:24"]

1. d4 Nf6 2. c4 e6 3. Nf3 b6 4. g3 Bb7 5. Bg2 Be7 6. O-O O-O 7. d5 exd5 8. Nh4 c6 9. cxd5 Nxd5 10. Nf5 Nc7 11. e4 d5 12. Nc3 Bf6 13. Re1 Re8 14. Qg4 g6 15. Bf4 Bc8 16. Nh6+ Kg7 17. Qf3 Ne6 18. exd5 Nxf4 19. Rxe8 Qxe8 20. Qxf4 Bd7 21. dxc6 Nxc6 22. Ne4 Be5 23. Qh4 Nd4 24. Re1 Bc6 25. Nxf7 Nf5 26. Qh3 Bxe4 27. Nxe5 Bxg2 28. Qxg2 Rd8 29. Qb7+ Qe7 30. Qxe7+ Nxe7 31. Re2 Rd1+ 32. Kg2 Ra1 33. a3 Nd5 34. Nc6 a5 35. Rd2 Nf6 36. Ne5 Ra2 37. Nc4 Ne4 38. Re2 Nc5 39. Nxb6 Nd3 40. Nc4 a4 41. Rd2 Ne1+ 42. Kf1 Nf3 43. Rc2 Ra1+ 44. Ke2 Nd4+ 45. Kd2 Nxc2 46. Kxc2 Rf1 47. Kc3 Rxf2 48. Nb6 Rxh2 49. Nxa4 Rh3 50. Nc5 Rxg3+ 51. Kd4 h5 52. b4 h4 53. Ne4 Rg4 54. Ke3 h3 55. Nf2 h2 0-1


[Site "https://www.chess.com"]

[Event "Titled Tuesday Blitz January 31 Early 2023"]
[White "Tymrakiewicz, Rafal"]
[Black "Sielecki, Christof"]
[WhiteFideId "1108832"]
[BlackFideId "4620437"]
[WhiteElo "2144"]
[BlackElo "2419"]
[Result "0-1"]
[Round "09"]
[TimeControl "180+2"]
[Date "2023.01.31"]
[WhiteClock "0:00:01"]
[BlackClock "0:00:09"]

1. d4 Nf6 2. Bg5 c5 3. d5 Ne4 4. Bc1 e6 5. f3 Qh4+ 6. g3 Nxg3 7. hxg3 Qxh1 8. Be3 Bd6 9. Bf2 Bxg3 10. Bxg3 Qxg1 11. Bf2 Qg5 12. Nc3 O-O 13. Qd3 exd5 14. Nxd5 Nc6 15. Be3 Qe5 16. O-O-O d6 17. Bf4 Qd4 18. Qb3 c4 19. Qa3 Qc5 20. Qc3 Be6 21. Bxd6 Qxd5 22. Rxd5 Bxd5 23. Bxf8 Rxf8 24. e4 Be6 25. f4 b5 26. f5 Bc8 27. a4 a6 28. axb5 axb5 29. b3 Re8 30. bxc4 b4 31. Qd3 Ne5 32. Qd5 h6 33. Bd3 Bd7 34. c5 Bc6 35. Qd4 b3 36. cxb3 Kh7 37. Bc2 f6 38. b4 Re7 39. Qd6 Rd7 40. Qe6 Rb7 41. Qb3 Bb5 42. Qg3 Bc4 43. Bb3 Rxb4 44. Bxc4 Rxc4+ 45. Kd2 Rxc5 46. Qf4 Rc4 47. Ke3 Rc3+ 48. Ke2 Rf3 49. Qh4 Rb3 50. Qe1 Rb2+ 51. Ke3 Ng4+ 52. Kf4 Ne5 53. Ke3 Rb3+ 54. Ke2 Rh3 0-1


[Site "https://www.chess.com"]

[Event "Titled Tuesday Blitz January 31 Early 2023"]
[White "Sharapov, Evgeny"]
[Black "Gheorghiu, Calin"]
[WhiteFideId "14103133"]
[BlackFideId "1200305"]
[WhiteElo "2375"]
[BlackElo "2313"]
[Result "0-1"]
[Round "09"]
[TimeControl "180+2"]
[Date "2023.01.31"]
[WhiteClock "0:00:01"]
[BlackClock "0:00:02"]

1. e4 e6 2. d4 d5 3. Nc3 Nf6 4. e5 Nfd7 5. f4 c5 6. Nf3 Nc6 7. Be3 a6 8. Qd2 b5 9. Qf2 Qb6 10. Bd3 cxd4 11. Nxd4 Bc5 12. Nce2 b4 13. O-O a5 14. Rfc1 Ba6 15. Bxa6 Rxa6 16. c4 dxc4 17. Rxc4 Nxd4 18. Bxd4 Bxd4 19. Qxd4 Qxd4+ 20. Nxd4 O-O 21. Rac1 Raa8 22. Nb5 Nb6 23. Rc6 Nd5 24. g3 Rfd8 25. Nd6 a4 26. Kf2 a3 27. b3 Nc3 28. Rc2 f6 29. Ke3 fxe5 30. fxe5 Ra5 31. Nc4 Rad5 32. Rxe6 Rd3+ 33. Kf2 Rd1 34. Rb6 Rf8+ 35. Kg2 Nd5 36. Rd6 Re8 37. Kh3 Rd3 38. Re2 Nf4+ 39. Kg4 Rxd6 40. gxf4 Rd1 41. f5 Rc8 42. e6 Kf8 43. e7+ Ke8 44. Re6 Rc7 45. Nd6+ Rxd6 46. Rxd6 Kxe7 47. Rb6 Rc2 48. Rxb4 Rxh2 49. Rb7+ Kf6 50. Rb6+ Ke5 51. Rb5+ Kd4 52. Rb7 Rxa2 53. Ra7 Ra1 54. Kf3 Kc3 55. Kg2 Kb2 0-1


[Site "https://www.chess.com"]

[Event "Titled Tuesday Blitz January 31 Early 2023"]
[White "Gatterer, Florian"]
[Black "Gurevich, Dmitry"]
[WhiteFideId "811688"]
[BlackFideId "2000407"]
[WhiteElo "2170"]
[BlackElo "2393"]
[Result "0-1"]
[Round "09"]
[TimeControl "180+2"]
[Date "2023.01.31"]
[WhiteClock "0:00:21"]
[BlackClock "0:00:21"]

1. b3 d5 2. Nf3 c5 3. e3 f6 4. d4 cxd4 5. exd4 Nc6 6. Be2 Bg4 7. O-O e6 8. c4 Bd6 9. Nc3 Nge7 10. c5 Bc7 11. Nb5 Bb8 12. Ba3 O-O 13. Nd6 b6 14. b4 Bxd6 15. cxd6 Qxd6 16. Rc1 a6 17. Rc3 b5 18. h3 Bxf3 19. Bxf3 Nf5 20. Rd3 Nxb4 21. Qb1 a5 22. Bg4 Ne7 23. Bxb4 axb4 24. Rb3 Nc6 25. Rd1 Ra4 26. Re3 f5 27. Be2 b3 28. axb3 Rxd4 29. Bxb5 Rxd1+ 30. Qxd1 Rb8 31. Bxc6 Qxc6 32. Qe1 Rb6 33. g3 h6 34. h4 Kh7 35. Kh2 d4 36. Re5 Qd6 37. g4 d3 38. gxf5 d2 39. Qe4 d1=Q 40. fxe6+ Kh8 41. f4 Q6d2+ 42. Kg3 Qg1+ 0-1


[Site "https://www.chess.com"]

[Event "Titled Tuesday Blitz January 31 Early 2023"]
[White "Buscar, Michael"]
[Black "Biastoch, Bennet"]
[WhiteFideId "2603616"]
[BlackFideId "12939889"]
[WhiteElo "2041"]
[BlackElo "2257"]
[Result "0-1"]
[Round "09"]
[TimeControl "180+2"]
[Date "2023.01.31"]
[WhiteClock "0:01:03"]
[BlackClock "0:01:12"]

1. e4 c5 2. Nf3 d6 3. Bb5+ Bd7 4. Qe2 g6 5. O-O Bg7 6. c3 Bxb5 7. Qxb5+ Qd7 8. a4 Nc6 9. Na3 Nf6 10. Qe2 O-O 11. d3 a6 12. Nc4 Qc7 13. a5 Nd7 14. Nfd2 e6 15. Nb3 d5 16. exd5 exd5 17. Ne3 Qd6 18. Qf3 Nf6 19. Re1 Ne5 20. Qe2 Rfe8 21. d4 cxd4 22. Nxd4 Nc4 23. Qf1 Rac8 24. Ra4 Nxe3 25. Rxe3 Rxe3 26. Bxe3 Ng4 27. g3 Nxe3 28. fxe3 Re8 29. Nc2 Bh6 30. Rb4 Qc7 31. Qf3 Re5 32. Rb6 Qe7 33. Kf2 Rf5 0-1


[Site "https://www.chess.com"]

[Event "Titled Tuesday Blitz January 31 Early 2023"]
[White "Koepke, Christian"]
[Black "Gureeva, Dina"]
[WhiteFideId "4655737"]
[BlackFideId "4170695"]
[WhiteElo "2308"]
[BlackElo "2178"]
[Result "0-1"]
[Round "09"]
[TimeControl "180+2"]
[Date "2023.01.31"]
[WhiteClock "0:00:35"]
[BlackClock "0:01:38"]

1. d4 Nf6 2. e3 d6 3. Nf3 g6 4. Be2 Bg7 5. O-O O-O 6. b3 b6 7. Bb2 Bb7 8. c4 c5 9. d5 Bc8 10. Nbd2 Bg4 11. Qc2 Nbd7 12. h3 Bxf3 13. Nxf3 a6 14. a4 Ne8 15. Bxg7 Kxg7 16. e4 Nc7 17. Bd3 f6 18. h4 b5 19. h5 bxc4 20. Bxc4 Ne5 21. Nxe5 fxe5 22. hxg6 hxg6 23. g3 Qd7 24. Kg2 Rh8 25. Rh1 Qg4 26. Be2 Qg5 27. Qc3 Raf8 28. b4 Qf6 29. f3 e6 30. bxc5 exd5 31. cxd6 Qxd6 32. Rac1 Ne6 33. exd5 Rxh1 34. Kxh1 Qxd5 35. Bc4 Qd6 36. Bxe6 Qxe6 37. Re1 Qh3+ 38. Kg1 Qxg3+ 0-1


[Site "https://www.chess.com"]

[Event "Titled Tuesday Blitz January 31 Early 2023"]
[White "Iljin, Timofey"]
[Black "Mrudul Dehankar"]
[WhiteFideId "14110180"]
[BlackFideId "25096990"]
[WhiteElo "2329"]
[BlackElo "2030"]
[Result "1-0"]
[Round "09"]
[TimeControl "180+2"]
[Date "2023.01.31"]
[WhiteClock "0:02:45"]
[BlackClock "0:00:08"]

1. e4 c6 2. d4 d5 3. e5 Bf5 4. h4 h5 5. Bg5 Qb6 6. Bd3 Bxd3 7. Qxd3 Qxb2 8. e6 Qxa1 9. Qb3 b6 10. exf7+ Kxf7 11. Nf3 Nd7 12. O-O a5 13. Nc3 Qxf1+ 14. Kxf1 Ngf6 15. Ne5+ Ke8 16. Nxc6 e6 17. Ne5 Bd6 18. Nxd7 Nxd7 19. Nxd5 exd5 20. Qxd5 Rc8 21. Qxd6 Nf8 22. Qe7# 1-0


[Site "https://www.chess.com"]

[Event "Titled Tuesday Blitz January 31 Early 2023"]
[White "Papayan, Oleg"]
[Black "Lauridsen, Jesper Morch"]
[WhiteFideId "4193911"]
[BlackFideId "1401890"]
[WhiteElo "2253"]
[BlackElo "2309"]
[Result "1-0"]
[Round "09"]
[TimeControl "180+2"]
[Date "2023.01.31"]
[WhiteClock "0:00:14"]
[BlackClock "0:00:03"]

1. d4 d6 2. Nf3 g6 3. e4 Bg7 4. Nc3 Nd7 5. Be3 a6 6. a4 b6 7. Bc4 e6 8. O-O Bb7 9. Qe2 Ne7 10. Rad1 O-O 11. Rfe1 Rc8 12. Bxa6 Bxa6 13. Qxa6 c5 14. dxc5 Nxc5 15. Bxc5 Rxc5 16. e5 Nd5 17. Nxd5 exd5 18. c3 dxe5 19. Nxe5 Ra5 20. Qb7 Rxa4 21. Qxd5 Qxd5 22. Rxd5 Re8 23. Nf3 Rxe1+ 24. Nxe1 Ra1 25. Rd8+ Bf8 26. Kf1 Rb1 27. Rd2 Bh6 28. Rc2 Bc1 29. b4 Bg5 30. Ke2 Bf6 31. Nf3 Rb3 32. Kd3 b5 33. Nd4 Rb1 34. Nxb5 Rg1 35. g3 Rg2 36. h4 g5 37. hxg5 Bxg5 38. Nd4 h5 39. b5 Bd8 40. Nc6 Bc7 41. Ne7+ Kf8 42. Nd5 Bd6 43. b6 h4 44. gxh4 Rg4 45. b7 Rxh4 46. Rb2 Bb8 47. Nb4 Rh3+ 48. Kc4 Rh4+ 49. Kd5 Rh5+ 50. Kc6 1-0


[Site "https://www.chess.com"]

[Event "Titled Tuesday Blitz January 31 Early 2023"]
[White "Bilan, Danila"]
[Black "Gottstein, Claudius-Thomas"]
[WhiteFideId "24161918"]
[BlackFideId "4653327"]
[WhiteElo "2303"]
[BlackElo "2113"]
[Result "1-0"]
[Round "09"]
[TimeControl "180+2"]
[Date "2023.01.31"]
[WhiteClock "0:01:13"]
[BlackClock "0:01:19"]

1. d4 d5 2. Nf3 Bf5 3. c4 e6 4. Nc3 c6 5. Qb3 Qb6 6. c5 Qc7 7. g3 Nd7 8. Bf4 Qc8 9. Bg2 h6 10. Qd1 Ngf6 11. b4 b5 12. a4 a6 13. axb5 axb5 14. O-O Be7 15. Nd2 O-O 16. Nb3 Bd8 17. Bd6 Re8 18. Rxa8 Qxa8 19. Qa1 Qxa1 20. Rxa1 e5 21. e3 exd4 22. Nxd4 Be4 23. Nxc6 Bxg2 24. Kxg2 d4 25. exd4 Nf8 26. Ra8 1-0


[Site "https://www.chess.com"]

[Event "Titled Tuesday Blitz January 31 Early 2023"]
[White "Mione, Dario"]
[Black "Reprintsev, Alexander"]
[WhiteFideId "806625"]
[BlackFideId "14100541"]
[WhiteElo "2228"]
[BlackElo "2253"]
[Result "0-1"]
[Round "09"]
[TimeControl "180+2"]
[Date "2023.01.31"]
[WhiteClock "0:00:03"]
[BlackClock "0:01:04"]

1. Nf3 d5 2. d4 Nc6 3. g3 Bf5 4. Bg2 Nb4 5. Na3 e6 6. c3 Nc6 7. Nc2 h6 8. O-O Nf6 9. Ne5 Be7 10. Ne1 O-O 11. N1f3 Ne4 12. Nxc6 bxc6 13. Ne5 c5 14. Nc6 Qd6 15. Nxe7+ Qxe7 16. Bxe4 Bxe4 17. Be3 c4 18. b4 f6 19. a4 Kh7 20. a5 c6 21. Bf4 e5 22. Be3 Rf7 23. Qa4 Qd7 24. Ra2 a6 25. Raa1 Rb8 26. dxe5 fxe5 27. Bb6 Rbf8 28. f3 Bg6 29. Rad1 Qe6 30. Qa2 Rf5 31. Qd2 R8f7 32. Rf2 Rh5 33. Qe3 Bf5 34. g4 Rg5 35. Kf1 Bc2 36. Rc1 Bb3 37. h3 Rg6 38. Ke1 Rd7 39. Rb1 Qf6 40. Qc5 d4 41. cxd4 exd4 42. Rc1 Qf4 0-1


[Site "https://www.chess.com"]

[Event "Titled Tuesday Blitz January 31 Early 2023"]
[White "matenitian"]
[Black "Ambartsumova, Karina"]
[BlackFideId "4166299"]
[WhiteElo "2434"]
[BlackElo "2393"]
[Result "0-1"]
[Round "09"]
[TimeControl "180+2"]
[Date "2023.01.31"]
[WhiteClock "0:00:01"]
[BlackClock "0:00:57"]

1. e4 e5 2. Nf3 d5 3. Nxe5 Bd6 4. d4 dxe4 5. Nc4 Nf6 6. Nc3 O-O 7. Bg5 Bf5 8. Nxd6 Qxd6 9. Qd2 Nc6 10. O-O-O a6 11. Bxf6 Qxf6 12. Nd5 Qd6 13. Ne3 Bd7 14. g4 Rad8 15. h4 Qf4 16. Rg1 Bc8 17. c3 Ne5 18. Rg3 Nf3 19. Qc2 c5 20. d5 b5 21. Kb1 c4 22. h5 h6 23. Bg2 Ng5 24. Rd4 Rfe8 25. a3 Rd6 26. Ka2 Bd7 27. Bf1 Nf3 28. Rd1 a5 29. a4 Ne5 30. axb5 Bxb5 31. Ng2 Qf6 0-1


[Site "https://www.chess.com"]

[Event "Titled Tuesday Blitz January 31 Early 2023"]
[White "Sowul, Bartosz"]
[Black "Berezin, Viktor"]
[WhiteFideId "1137590"]
[BlackFideId "14107872"]
[WhiteElo "2269"]
[BlackElo "2307"]
[Result "1/2-1/2"]
[Round "09"]
[TimeControl "180+2"]
[Date "2023.01.31"]
[WhiteClock "0:00:20"]
[BlackClock "0:00:05"]

1. e4 g6 2. d4 Bg7 3. Nc3 d6 4. Be3 Nf6 5. Qd2 O-O 6. Bh6 c6 7. Bxg7 Kxg7 8. Nf3 Bg4 9. O-O-O Bxf3 10. gxf3 Nbd7 11. f4 e5 12. dxe5 dxe5 13. f5 Qa5 14. Bd3 Nc5 15. Kb1 b5 16. Qe3 b4 17. Ne2 Rab8 18. h4 Na4 19. h5 Nc3+ 20. Nxc3 bxc3 21. b3 Nxh5 22. Rxh5 Qa3 23. f6+ Kg8 24. Qc1 Qxc1+ 25. Kxc1 gxh5 26. Rh1 h6 27. Rxh5 Kh7 28. Rxe5 Rbe8 29. Rc5 Kg6 30. e5+ Kg5 31. Rc4 Rxe5 32. f4+ Kxf6 33. fxe5+ Kxe5 34. Rxc6 Rh8 35. Rxc3 h5 36. Bf1 h4 37. Kd2 f5 38. Ke2 Kf4 39. Kf2 Kg4 40. Rc4+ Kg5 41. Bh3 Rd8 42. Bf1 Rd2+ 43. Be2 h3 44. Rc8 f4 45. Rg8+ Kf6 46. Rh8 Rxc2 47. Rxh3 Rxa2 48. Kf3 Ke5 49. Bc4 a5 50. Rh5+ Kd4 51. Kxf4 a4 52. Rb5 axb3 53. Bxb3 Rb2 54. Rb8 Kc3 55. Rc8+ Kxb3 56. Rb8+ Ka3 57. Rxb2 Kxb2 1/2-1/2


[Site "https://www.chess.com"]

[Event "Titled Tuesday Blitz January 31 Early 2023"]
[White "Derjabin, Ilja"]
[Black "Gonzalez, Francisco Silva"]
[WhiteFideId "14104768"]
[BlackFideId "1512285"]
[WhiteElo "2333"]
[BlackElo "2021"]
[Result "1-0"]
[Round "09"]
[TimeControl "180+2"]
[Date "2023.01.31"]
[WhiteClock "0:00:14"]
[BlackClock "0:01:03"]

1. d4 Nf6 2. c4 e6 3. Nc3 Bb4 4. a3 Bxc3+ 5. bxc3 Nc6 6. f3 b6 7. e4 d6 8. Bg5 h6 9. Bh4 e5 10. d5 Na5 11. g4 Ba6 12. Nh3 g5 13. Bg3 Nd7 14. Qa4 Ke7 15. Nf2 Nc5 16. Qb4 Bc8 17. h4 Nab3 18. Rb1 a5 19. Qxb3 Nxb3 20. Rxb3 Bd7 21. Nd3 Ba4 22. Rb2 f6 23. Rbh2 Rg8 24. hxg5 hxg5 25. Rh7+ Kf8 26. Kf2 Be8 27. Be2 Bg6 28. R7h2 Kg7 29. Bd1 Qd7 30. Nb2 Rh8 31. Ba4 Rxh2+ 32. Rxh2 Qe7 33. Bc6 Rh8 34. a4 Qf8 35. Nd3 Rxh2+ 36. Bxh2 Qh8 37. Kg2 Be8 38. Bb5 Bxb5 39. cxb5 Kf7 40. Nf2 Ke7 41. Nd1 c6 42. dxc6 d5 43. exd5 Kd6 44. Ne3 Qh7 45. c4 Qb1 46. Bg1 Qa2+ 47. Bf2 Qxa4 48. Nf5+ Kc7 49. d6+ Kc8 50. d7+ Kc7 51. Bxb6+ Kxb6 52. d8=Q+ Kc5 53. Qd6+ Kxc4 54. c7 Qc2+ 55. Kg3 Kxb5 56. Qd5+ Kb6 57. Qd6+ Kb7 58. Qd5+ Kxc7 59. Qxa5+ Kd7 60. Qa7+ Qc7 61. Qxc7+ Kxc7 62. Kf2 Kc6 63. Ke3 Kd5 64. Ng3 Ke6 65. Ke4 Kf7 66. Kf5 Ke7 67. Ne4 Kd7 68. Nxf6+ Kd6 69. Ne4+ Kd5 70. Nxg5 e4 71. Nxe4 1-0


[Site "https://www.chess.com"]

[Event "Titled Tuesday Blitz January 31 Early 2023"]
[White "Estrada Nieto, Julian"]
[Black "Lehtosaari, Mauri"]
[WhiteFideId "5101018"]
[BlackFideId "501999"]
[WhiteElo "2215"]
[BlackElo "2176"]
[Result "1-0"]
[Round "09"]
[TimeControl "180+2"]
[Date "2023.01.31"]
[WhiteClock "0:00:20"]
[BlackClock "0:00:04"]

1. e4 c5 2. Nf3 e6 3. c3 Nf6 4. e5 Nd5 5. Bc4 d6 6. d4 cxd4 7. cxd4 Nc6 8. O-O Be7 9. Qe2 O-O 10. Bd2 Bd7 11. Nc3 Ncb4 12. Ne4 Rc8 13. exd6 Bf6 14. Rac1 a6 15. a3 Nc6 16. Qd3 Na5 17. Nxf6+ Nxf6 18. Ne5 Nxc4 19. Nxd7 Qxd7 20. Rxc4 Rxc4 21. Qxc4 Rc8 22. Qb3 b5 23. Bf4 Nd5 24. Bg3 f5 25. Be5 h6 26. h3 Kh7 27. Re1 Rc6 28. Qd3 Rc8 29. Kh2 Rf8 30. Rg1 Rg8 31. g4 g6 32. Rg3 f4 33. Rg1 Qf7 34. Rc1 Rd8 35. Kg2 Rd7 36. Rc6 a5 37. Kf3 h5 38. gxh5 Kh6 39. Qxg6+ Qxg6 40. hxg6 Kxg6 41. Rc7 Rd8 42. Rb7 b4 43. axb4 axb4 44. Ke4 Rc8 45. Bxf4 Rc2 46. Bg3 Re2+ 47. Kd3 Rxb2 48. d7 Rb3+ 49. Kd2 Rb2+ 50. Kc1 1-0


[Site "https://www.chess.com"]

[Event "Titled Tuesday Blitz January 31 Early 2023"]
[White "Santos Flores, Alberto"]
[Black "Hoffmann, Asa"]
[WhiteFideId "3601234"]
[BlackFideId "2001470"]
[WhiteElo "2164"]
[BlackElo "2185"]
[Result "1-0"]
[Round "09"]
[TimeControl "180+2"]
[Date "2023.01.31"]
[WhiteClock "0:01:02"]
[BlackClock "0:00:06"]

1. e4 d6 2. d4 Nf6 3. Nc3 c6 4. Be3 Ng4 5. Bc1 e5 6. Nf3 Qc7 7. Bc4 Be7 8. a4 O-O 9. O-O a5 10. Re1 Na6 11. h3 Nf6 12. Bg5 h6 13. Be3 Be6 14. Bxe6 fxe6 15. dxe5 dxe5 16. Nd2 Bc5 17. Qe2 Bxe3 18. Qxe3 Nb4 19. Rac1 Nh5 20. Ne2 Nf4 21. Nxf4 exf4 22. Qb3 Rae8 23. Rcd1 Qe5 24. Nf3 Qh5 25. c3 Na6 26. Qxb7 Nb8 27. b4 Rf7 28. Qb6 g5 29. Qxa5 Qg6 30. Rd8 Rxd8 31. Qxd8+ Rf8 32. Ne5 Qg7 33. Qd6 f3 34. Qxe6+ Kh7 35. Nxf3 Qxc3 36. Qe7+ Kg8 37. Rd1 Qc2 38. Rd8 Qc1+ 39. Kh2 Qf4+ 40. Kh1 Qc1+ 41. Ng1 Qf4 42. Qxf8+ Qxf8 43. Rxf8+ Kxf8 44. Ne2 Na6 45. b5 cxb5 46. axb5 Nc5 47. Nc3 Ke7 48. g3 Kd7 49. f4 gxf4 50. gxf4 Nd3 51. f5 Kd6 52. Kg2 Ne5 53. Kg3 Nd7 54. Kf4 Nc5 55. e5+ Ke7 56. b6 Nb7 57. Nd5+ Kf7 58. e6+ Ke8 59. f6 1-0


[Site "https://www.chess.com"]

[Event "Titled Tuesday Blitz January 31 Early 2023"]
[White "Martic, Ivan"]
[Black "Dwilewicz, Katarzyna"]
[WhiteFideId "929301"]
[BlackFideId "1148486"]
[WhiteElo "2301"]
[BlackElo "2115"]
[Result "1-0"]
[Round "09"]
[TimeControl "180+2"]
[Date "2023.01.31"]
[WhiteClock "0:00:43"]
[BlackClock "0:00:04"]

1. e4 c5 2. Nc3 g6 3. g3 Bg7 4. Bg2 d6 5. d3 Nc6 6. f4 e5 7. Nh3 Nge7 8. O-O h5 9. f5 gxf5 10. Bg5 fxe4 11. Nxe4 Bg4 12. Qd2 f5 13. Nf6+ Kf7 14. Nxg4 hxg4 15. Nf2 Kg6 16. Nxg4 Nd4 17. c3 Ne6 18. Bxe7 Qxe7 19. Ne3 Raf8 20. Nxf5 Rxf5 21. Be4 Rf8 22. Rxf5 Rxf5 23. g4 Qg5 24. Bxf5+ Kf6 25. Qxg5+ Nxg5 26. Kg2 d5 27. h4 Nf7 28. Rf1 Ke7 29. Bg6 Nd6 30. g5 c4 31. h5 cxd3 32. Bxd3 e4 33. Be2 Nf7 34. g6 Ne5 35. Kg3 Ke6 36. Bg4+ Kd6 37. Bf5 Bh6 38. Bg4 Ke7 39. Rf5 Kd6 40. Rf6+ Kc5 41. Be2 e3 42. Re6 Nc6 43. Re8 d4 44. Rh8 Bg7 45. Rh7 Be5+ 46. Kf3 dxc3 47. bxc3 Bxc3 48. Kxe3 Nb4 49. Rxb7 Nd5+ 50. Kd3 Be5 51. Ke4 1-0


[Site "https://www.chess.com"]

[Event "Titled Tuesday Blitz January 31 Early 2023"]
[White "Lopez Idarraga, Daniel Eduardo"]
[Black "Rangel, Daniel"]
[WhiteFideId "4405501"]
[BlackFideId "2124475"]
[WhiteElo "2009"]
[BlackElo "2207"]
[Result "1/2-1/2"]
[Round "09"]
[TimeControl "180+2"]
[Date "2023.01.31"]
[WhiteClock "0:00:26"]
[BlackClock "0:00:04"]

1. Nf3 Nf6 2. b3 g6 3. Bb2 Bg7 4. e3 O-O 5. Be2 d5 6. O-O c5 7. d4 Nc6 8. c4 cxd4 9. Nxd4 Bd7 10. cxd5 Nxd5 11. Nxc6 Bxc6 12. Bxg7 Kxg7 13. Qd2 Nf6 14. Rd1 Qxd2 15. Rxd2 Rac8 16. Na3 Ne4 17. Rd4 Nc3 18. Bf1 e5 19. Rc4 Bd5 20. Rxc8 Rxc8 21. Nc4 Bxc4 22. Bxc4 b5 23. Bf1 Rd8 24. a3 Rd2 25. Rc1 Ne4 26. Bxb5 Nxf2 27. Rc7 Ng4 28. g3 Nxh2 29. Bc6 Rc2 30. Rxa7 Rxc6 31. Kxh2 Rc3 32. Rb7 Rxe3 33. a4 Re2+ 34. Kg1 Ra2 35. Rb5 e4 36. a5 Ra3 37. b4 Rxg3+ 38. Kf2 Ra3 39. Rb6 h5 40. a6 h4 41. b5 h3 42. Rb7 Ra2+ 43. Kg1 h2+ 44. Kh1 e3 45. Re7 Ra5 46. Rxe3 Rxb5 47. Ra3 Rb8 48. a7 Ra8 49. Kxh2 Kf6 50. Kg3 Ke6 51. Kf4 Kd6 52. Kg5 Kc6 53. Kf6 Kb6 54. Kxf7 g5 55. Kf6 g4 56. Kf5 Rxa7 57. Rxa7 Kxa7 58. Kxg4 1/2-1/2


[Site "https://www.chess.com"]